 Dungeon Crawl Stone Soup version 0.25-a0-504-g768f60d (webtiles) character file.

Game seed: 5600986210149416179, levelgen mode: deterministic

357 Faels the Chopper (level 6, -7/47 HPs)
             Began as a Formicid Fighter on Feb 14, 2020.
             Mangled by an ogre
             ... wielding a +0 giant club
              (8 damage)
             ... on level 3 of the Dungeon.
             The game lasted 00:07:05 (2686 turns).

Faels the Chopper (Formicid Fighter)                Turns: 2686, Time: 00:07:05

Health: -7/47      AC: 13    Str: 20    XL:     6   Next: 96%
Magic:  6/6        EV:  5    Int: 13    God:
Gold:   168        SH:  9    Dex: 12    Spells: 5/5 levels left

rFire    . . .     SeeInvis +   a - +0 war axe
rCold    . . .     Gourm    .   c - +0 kite shield
rNeg     . . .     Faith    .   e - +0 plate armour
rPois    .         Spirit   .   (helmet unavailable)
rElec    .         Reflect  .   v - +0 cloak
rCorr    .         Harm     .   (no gloves)
MR       .....                  m - +0 pair of boots
Stlth    ..........             (no amulet)
HPRegen  0.15/turn              (no ring)
MPRegen  0.10/turn              (no ring)

@: brilliant
A: permanent stasis, dig shafts and tunnels, four strong arms, antennae 3
a: Dig, Shaft Self


You were on level 3 of the Dungeon.
You were not hungry.

You visited 1 branch of the dungeon, and saw 4 of its levels.

You collected 168 gold pieces.

Inventory:

Hand Weapons
 a - a +0 war axe (weapon)
 g - a +0 spear
 h - a +0 club
 j - a +2 hunting sling of flaming
 s - a +1 antimagic war axe
Missiles
 l - 5 boomerangs
 t - 3 poisoned darts (quivered)
Armour
 b - a +0 scale mail
 c - a +0 kite shield (worn)
 e - a +0 plate armour (worn)
 m - a +0 pair of boots (worn)
 v - a +0 cloak (worn)
Jewellery
 n - an uncursed ring of protection from fire {unknown}
 p - an uncursed ring of fire {unknown}
Wands
 d - a wand of random effects (10)
Scrolls
 i - a scroll of enchant armour {unknown}
 k - 3 scrolls of remove curse {unknown}
 o - 2 scrolls of identify {unknown}
 u - a scroll of magic mapping {unknown}
Comestibles
 f - 5 rations


   Skills:
 - Level 3.2 Fighting
 * Level 6.1 Axes
 - Level 3.2 Armour
 + Level 2.5 Dodging
 - Level 3.6 Shields


You had 5 spell levels left.
You didn't know any spells.
Your spell library was empty.

Dungeon Overview and Level Annotations

Branches:
Dungeon (4/15)
 Temple: D:4-7

Altars:
Ashenzari
Dithmenos
Hepliaklqana
Ru


Innate Abilities, Weirdness & Mutations

You cannot be hasted, slowed, berserked, paralysed or teleported.
You can dig through walls and to a lower floor.
Your four strong arms can wield two-handed weapons with a shield.
You have a pair of large antennae on your head. (SInv)


Message History

The ogre hits you with a +0 giant club!!
Ouch! That really hurt!
* * * LOW HITPOINT WARNING * * *
The orc priest hits you but does no damage.
It was a potion of brilliance.
You feel clever all of a sudden.
The orc priest hits you but does no damage.
The ogre hits you but does no damage.
You hit the ogre.
The ogre is almost dead.
You closely miss the orc priest.
The orc priest casts a cantrip, but nothing happens.
You block the ogre's attack.
The orc priest hits you but does no damage.
You hit the ogre.
The ogre is almost dead.
You slash the orc priest!
You kill the orc priest!
The ogre hits you with a +0 giant club!
You die...

###.#.##..#.## #.# ##.##
##...#.....#.####.###...#
######>.#####................##
..........#....##.####.##.###.###
#########.#.##....# #.#.## ##...
#...####..# #.##.###.#..
##.#####..####.###.#.##.#
#......^O...........(#.#
#######@###.########.#.#
################[# #.# #.#.#
#................# #.# #.#.#
#.################ #.# #.#.# #.#
#.# #.#.# ..# #.# #.#.# ### #.#
#.#.# #.# #.#.# #.# #.#..


You could see an ogre.

Vanquished Creatures
  Sigmund (D:2)
  An orc priest (D:3)
  Crazy Yiuf (D:3)
  An orc wizard (D:2)
  2 adders
  2 worms (D:3)
  3 dart slugs
  4 leopard geckos (D:1)
  6 orcs
  9 bats
  4 giant cockroaches
  6 goblins
  9 hobgoblins
  12 kobolds
  A ball python (D:1)
  5 frilled lizards
  9 rats
76 creatures vanquished.

Notes
Turn   | Place    | Note
-------+----------+-------------------------------------------
     0 | D:1      | Faels the Formicid Fighter began the quest for the Orb.
     0 | D:1      | Reached XP level 1. HP: 18/18 MP: 1/1
   177 | D:1      | Reached XP level 2. HP: 24/24 MP: 2/2
   318 | D:1      | Reached skill level 3 in Axes
   435 | D:1      | Reached XP level 3. HP: 29/29 MP: 3/3
  1130 | D:2      | Reached skill level 4 in Axes
  1130 | D:2      | Reached XP level 4. HP: 34/35 MP: 4/4
  1280 | D:2      | Found a sacrificial altar of Ru.
  1489 | D:2      | Reached XP level 5. HP: 41/41 MP: 5/5
  1609 | D:2      | Noticed Sigmund
  1619 | D:2      | Killed Sigmund
  1619 | D:2      | Reached skill level 5 in Axes
  1619 | D:2      | Reached XP level 6. HP: 47/47 MP: 6/6
  2116 | D:3      | Found a shadowy altar of Dithmenos.
  2118 | D:3      | Found a hazy altar of Hepliaklqana.
  2119 | D:3      | Found a shattered altar of Ashenzari.
  2445 | D:3      | Found a runed translucent door.
  2446 | D:3      | Noticed Crazy Yiuf
  2453 | D:3      | Killed Crazy Yiuf
  2453 | D:3      | Reached skill level 6 in Axes
  2668 | D:4      | Noticed an ogre
  2683 | D:3      | HP: 1/47 [ogre/+0 giant club (25)]
  2686 | D:3      | Mangled by an ogre

Levels and vault maps discovered:
D:1:      lemuel_arrival_muddy, layout_basic, chequers_serial_rivers_room_b
D:2:      layout_basic, nicolae_ru_great_annihilating_truth, uniq_sigmund
D:3:      layout_loops_ring, minitemple, uniq_crazy_yiuf_cottage
D:4:      layout_rooms, minmay_temple_entry_enclosed_plants, first_ration,
          serial_shops, shop, kennysheep_generic_room_5

Skill      XL: |  1  2  3  4  5  6 |
---------------+-------------------+-----
Axes           | 3 4 5 6 |  6.1
Dodging        | 2 |  2.5
Fighting       | |  3.2
Armour         | |  3.2
Shields        | |  3.6

Action                   |  1- 3 |  4- 6 || total
-------------------------+-------+-------++-------
Melee: War axe           |   150 |   133 ||   283
Throw: Dart              |       |     3 ||     3
       Throwing net      |       |     1 ||     1
  Use: Potion            |       |     2 ||     2
 Stab: Paralysed         |       |     2 ||     2
  Eat: Chunk             |     1 |     5 ||     6
Armor: Plate armour      |    96 |    74 ||   170
Dodge: Dodged            |    33 |    24 ||    57
Block: Kite shield       |    78 |    64 ||   142

Table legend:
 A = Non-vault XP
 B = Vault XP
 C = Vault XP percentage of total XP
 D = Non-vault monster count
 E = Vault monster count
 F = Vault count percentage of total count
                 A         B        C        D         E       F
            +---------+---------+-------+---------+---------+-------
      Total |     204 |     306 |  60.0 |      70 |       6 |   7.9
            +---------+---------+-------+---------+---------+-------
        D:1 |      47 |       0 |   0.0 |      26 |       0 |   0.0
        D:2 |      67 |     265 |  79.8 |      25 |       5 |  16.7
        D:3 |      90 |      41 |  31.3 |      19 |       1 |   5.0
            +---------+---------+-------+---------+---------+-------
